 Dungeon Crawl Stone Soup version 0.32-a0-40-g2adb59ae06 (webtiles) character file.

Game seed: 1734217558932376323

623 CougarLife the Shield-Bearer (level 7, 0/60 HPs)
             Began as a Gnoll Fighter on Jan 24, 2024.
             Slain by a gnoll
             ... wielding a +0 halberd
              (7 damage)
             ... on level 5 of the Dungeon.
             The game lasted 00:05:02 (4110 turns).

CougarLife the Shield-Bearer (Gnoll Fighter)        Turns: 4110, Time: 00:05:02

Health: 0/60       AC: 14    Str: 17    XL:     7   Next: 46%
Magic:  10/10      EV: 10    Int:  8    God:
Gold:   253        SH:  5    Dex: 11    Spells: 11/11 levels left

rFire   . . .        a - +0 war axe
rCold   . . .        c - +0 buckler
rNeg    . . .        b - +0 scale mail
rPois   .            (no helmet)
rElec   .            (no cloak)
rCorr   .            p - +0 pair of gloves
SInv    .            o - +0 pair of boots
Will    .....        (no amulet)
Stlth   +            g - +4 ring of protection
HPRegen 0.30/turn    (no ring)
MPRegen 0.12/turn

%: no passive effects
@: no status effects
A: fangs 1, strong nose, distributed training
a: no special abilities


You were on level 5 of the Dungeon.
You visited 1 branch of the dungeon, and saw 5 of its levels.

You collected 253 gold pieces.

Inventory:

Hand Weapons
 a - a +0 war axe (weapon)
Missiles
 n - a throwing net
 s - 5 poisoned darts (quivered)
 u - 5 javelins
 x - 2 boomerangs
Armour
 b - a +0 scale mail (worn)
 c - a +0 buckler (worn)
 o - a +0 pair of boots (worn)
 p - a +0 pair of gloves (worn)
Jewellery
 g - a +4 ring of protection (left hand)
 w - the Hermit's Pendant {Faith Invo=14 Evo=0 MP+5}
   (You found it on level 4 of the Dungeon)

   [amulet of faith]

   Invo=14: It sets your Invocations skill to 14.
   Evo=0: It sets your Evocations skill to 0.
   Faith:     It allows you to gain divine favour quickly.
   MP+5:      It affects your magic capacity (+5).
 z - a ring of flight
Wands
 A - a wand of digging (2)
Scrolls
 h - 5 scrolls of teleportation {unknown}
 i - 2 scrolls of amnesia {unknown}
 j - 5 scrolls of identify {unknown}
 l - a scroll of silence {unknown}
 r - 2 scrolls of fear {unknown}
 y - a scroll of brand weapon {unknown}
 B - a scroll of torment {unknown}
Potions
 d - 2 potions of might
 e - 3 potions of heal wounds {unknown}
 f - a potion of enlightenment {unknown}
 k - 3 potions of magic {unknown}
 m - 2 potions of haste {unknown}
 q - 3 potions of lignification {unknown}
 t - a potion of cancellation {unknown}
 v - a potion of curing {unknown}


   Skills:
 + Level 7.1 Fighting
 + Level 2.6 Short Blades
 + Level 2.6 Long Blades
 + Level 5.3 Axes
 + Level 2.6 Maces & Flails
 + Level 2.6 Polearms
 + Level 2.6 Staves
 + Level 2.6 Ranged Weapons
 + Level 2.6 Throwing
 + Level 7.1 Armour
 + Level 2.6 Dodging
 + Level 2.6 Stealth
 + Level 7.1 Shields
 + Level 2.6 Unarmed Combat
 + Level 2.6 Spellcasting
 + Level 2.1 Conjurations
 + Level 2.1 Hexes
 + Level 2.1 Summonings
 + Level 2.1 Necromancy
 + Level 2.1 Translocations
 + Level 2.1 Fire Magic
 + Level 2.1 Ice Magic
 + Level 2.1 Air Magic
 + Level 2.1 Earth Magic
 + Level 2.1 Alchemy
 + Level 2.9 Invocations
 + Level 2.6 Evocations
 + Level 2.3 Shapeshifting


You had 11 spell levels left.
You didn't know any spells.
Your spell library contained the following spells:

 Spells                   Type           Power      Damage    Failure   Level
 Sandblast                Erth           8%         2d5       45%         1
 Shock                    Conj/Air       16%        1d4       45%         1
 Ensorcelled Hibernation  Hex/Ice        8%         N/A       61%         2
 Fugue of the Fallen      Necr           4%         N/A       83%         3
 Passwall                 Erth           4%         N/A       83%         3
 Stone Arrow              Conj/Erth      8%         3d7       83%         3
 Swiftness                Air            4%         N/A       83%         3
 Volatile Blastmotes      Fire/Tloc      8%         2d10      83%         3
 Airstrike                Air            2%         2d(1-17)  99%         4
 Anguish                  Hex/Necr       2%         N/A       99%         4
 Brom's Barrelling Bould  Conj/Erth      4%         2d3       99%         4
 Fulminant Prism          Conj/Alch      2%         3d5       99%         4
 Iskenderun's Mystic Bla  Conj/Tloc      4%         2d3       99%         4


Dungeon Overview and Level Annotations

Branches:
Dungeon (5/15)             Temple (0/1) D:5

Altars:
Yredelemnul


Innate Abilities, Weirdness & Mutations

You have very sharp teeth.
Your uncanny sense of smell can sniff out nearby items.
Your experience applies equally to all skills.


Message History

You see here a +0 flail.
You hit the gnoll.
The gnoll is moderately wounded.
You hit the gnoll. You block the gnoll's attack.
The gnoll hits you from afar with a +0 halberd.
The gnoll hits you with a +0 halberd.
You barely miss the gnoll.
The gnoll is moderately wounded.
You barely miss the gnoll. You block the gnoll's attack.
The gnoll closely misses you. The gnoll hits you but does no damage.
You barely miss the gnoll.
The gnoll is moderately wounded.
You hit the gnoll but do no damage. You block the gnoll's attack.
The gnoll closely misses you. The gnoll hits you with a +0 halberd.
The gnoll barely misses you. You block the gnoll's attack.
The gnoll barely misses you.
You slash the gnoll!
You kill the gnoll!
You barely miss the gnoll. The gnoll barely misses you.
The gnoll hits you with a +0 halberd.
You hit the gnoll but do no damage.
The gnoll is moderately wounded.
You block the gnoll's attack. The gnoll hits you with a +0 halberd.
The gnoll hits you but does no damage. The gnoll hits you with a +0 halberd!
You see here a +0 flail.
You are too injured to fight recklessly!
You are too injured to fight recklessly!
You are too injured to fight recklessly!
You hit the gnoll.
The gnoll is moderately wounded.
You closely miss the gnoll. The gnoll hits you with a +0 halberd!
* * * LOW HITPOINT WARNING * * *
The gnoll hits you with a +0 halberd.
* * * LOW HITPOINT WARNING * * *
You hit the gnoll.
The gnoll is severely wounded.
You closely miss the gnoll. You block the gnoll's attack.
The gnoll hits you but does no damage. x2
The gnoll hits you with a +0 halberd!
You die...

.##### #.## ∆ ..........)....
.....#####.##... ..#..#..#..#...
...[.......# |.. #..#..#..#.....
.###.#####.# #.. .#..#..#..#....
.###........##.. #..#..#.)#..#.#.
.....#####...... .#..#..#..#...#.
.###............#................
.# #######.......###.####.#######
.######### #.g@)#.# #.#
.......... #..g#.# #.# ##.#######
#...#.# #.# ...# ##.##.######.##
##.# #. #..>.))...# #.# ..
########..# #.# #.# #..# #.# #.
########..# #.# ..gg.g....#


You could see 2 gnolls.

Vanquished Creatures
  An ogre (D:5)
  A bullfrog (D:4)
  A scorpion (D:5)
  A bombardier beetle (D:5)
  2 hounds (D:5)
  3 iguanas (D:5)
  5 gnolls (D:5)
  7 adders
  A white imp (D:5)
  2 ufetubi (D:5)
  2 ribbon worms
  4 dart slugs
  10 orcs
  10 ball pythons
  6 bats
  4 endoplasms
  4 giant cockroaches
  6 goblins
  8 hobgoblins
  12 jackals
  3 quokkas (D:1)
  4 frilled lizards
  7 kobolds
  6 rats
110 creatures vanquished.

Notes
Turn   | Place    | Note
-------+----------+-------------------------------------------
     0 | D:1      | CougarLife the Gnoll Fighter began the quest for the Orb.
     0 | D:1      | Reached XP level 1. HP: 23/23 MP: 1/1
   163 | D:1      | Reached XP level 2. HP: 25/29 MP: 2/2
   488 | D:1      | Reached XP level 3. HP: 35/35 MP: 3/3
   977 | D:2      | Reached skill level 1 in Invocations
  1056 | D:2      | Found a faded altar of an unknown god.
  1092 | D:2      | Reached skill level 1 in Short Blades
  1092 | D:2      | Reached skill level 1 in Long Blades
  1092 | D:2      | Reached skill level 1 in Maces & Flails
  1092 | D:2      | Reached skill level 1 in Polearms
  1092 | D:2      | Reached skill level 1 in Staves
  1092 | D:2      | Reached skill level 1 in Ranged Weapons
  1092 | D:2      | Reached skill level 1 in Throwing
  1092 | D:2      | Reached skill level 1 in Dodging
  1092 | D:2      | Reached skill level 1 in Stealth
  1092 | D:2      | Reached skill level 1 in Unarmed Combat
  1092 | D:2      | Reached skill level 1 in Spellcasting
  1092 | D:2      | Reached skill level 1 in Evocations
  1163 | D:2      | Reached skill level 1 in Shapeshifting
  1163 | D:2      | Reached XP level 4. HP: 39/41 MP: 5/5
  1224 | D:2      | Reached skill level 1 in Conjurations
  1224 | D:2      | Reached skill level 1 in Hexes
  1224 | D:2      | Reached skill level 1 in Summonings
  1224 | D:2      | Reached skill level 1 in Necromancy
  1224 | D:2      | Reached skill level 1 in Translocations
  1224 | D:2      | Reached skill level 1 in Fire Magic
  1224 | D:2      | Reached skill level 1 in Ice Magic
  1224 | D:2      | Reached skill level 1 in Air Magic
  1224 | D:2      | Reached skill level 1 in Earth Magic
  1224 | D:2      | Reached skill level 1 in Alchemy
  1405 | D:3      | Found a basalt altar of Yredelemnul.
  1890 | D:3      | Reached XP level 5. HP: 45/47 MP: 7/7
  2871 | D:4      | Found a faded altar of an unknown god.
  2871 | D:4      | Found the Hermit's Pendant {Faith Invo=14 Evo=0 MP+5}
  2891 | D:4      | Reached XP level 6. HP: 41/53 MP: 8/8
  3027 | D:5      | Entered Level 5 of the Dungeon
  3170 | D:5      | Reached skill level 5 in Axes
  3226 | D:5      | Found a staircase to the Ecumenical Temple.
  3605 | D:5      | Reached XP level 7. HP: 43/60 MP: 10/10
  4110 | D:5      | Slain by a gnoll

Illustrated notes

Levels and vault maps discovered:
D:1:      nicolae_arrival_memento_mori, layout_basic
D:2:      layout_basic, nicolae_ecumenical_snake_handling
D:3:      layout_basic, mainiacjoe_overflow_tiny_flanked,
          hangedman_feature_mirror, hex_intersection, grunt_decor_arrowhead,
          saegor_snake_ambush
D:4:      layout_basic, hellmonk_guarded_unrand_hermit
D:5:      layout_loops_ring, minmay_temple_entry_enclosed_plants,
          minmay_misc_feat_diagonals, grunt_decor_resistance

Skill      XL: |  1  2  3  4  5  6  7 |
---------------+----------------------+-----
Invocations    | 1 2 |  2.9
Short Blades   | 1 2 |  2.6
Long Blades    | 1 2 |  2.6
Maces & Flails | 1 2 |  2.6
Polearms       | 1 2 |  2.6
Staves         | 1 2 |  2.6
Ranged Weapons | 1 2 |  2.6
Throwing       | 1 2 |  2.6
Dodging        | 1 2 |  2.6
Stealth        | 1 2 |  2.6
Unarmed Combat | 1 2 |  2.6
Spellcasting   | 1 2 |  2.6
Evocations     | 1 2 |  2.6
Shapeshifting  | 1 2 |  2.3
Conjurations   | 1 2 |  2.1
Hexes          | 1 2 |  2.1
Summonings     | 1 2 |  2.1
Necromancy     | 1 2 |  2.1
Translocations | 1 2 |  2.1
Fire Magic     | 1 2 |  2.1
Ice Magic      | 1 2 |  2.1
Air Magic      | 1 2 |  2.1
Earth Magic    | 1 2 |  2.1
Alchemy        | 1 2 |  2.1
Axes           | 5 |  5.3
Fighting       | 7 |  7.1
Armour         | 7 |  7.1
Shields        | 7 |  7.1

Action                     |  1- 3 |  4- 6 |  7- 9 || total
---------------------------+-------+-------+-------++-------
  Melee: War axe           |   103 |   209 |    41 ||   353
         Bite              |     4 |    20 |     1 ||    25
 Armour: Scale mail        |    84 |   162 |    36 ||   282
  Dodge: Dodged            |    72 |    92 |    25 ||   189
  Block: Buckler           |    48 |    67 |    20 ||   135

Table legend: (Time is in decaauts)
 A = Elapsed time spent in this place.
 B = Non-inter-level travel time spent in this place.
 C = Inter-level travel time spent in this place.
 D = Time resting spent in this place.
 E = Time spent auto-exploring this place.
 F = Levels seen in this place.
 G = Mean time per level.
                   A        B        C        D        E       F      G
               +--------+--------+--------+--------+--------+-----+--------+
         Total |   4234 |   4093 |    141 |    183 |   3089 |   5 |  846.8 |
       Dungeon |   4234 |   4093 |    141 |    183 |   3089 |   5 |  846.8 |
               +--------+--------+--------+--------+--------+-----+--------+

Top non-repeatable levels by time:
     D:5: 1109 daAuts
     D:1: 957 daAuts
     D:3: 903 daAuts
     D:4: 783 daAuts
     D:2: 480 daAuts
